Map: Kairos Junction LE

Players

PlayBook - Winner!

  • Race: Zerg Zerg
  • League: Diamond
  • Spawn Location: 11:00

Parkkatz

  • Race: Zerg Zerg
  • League: Platinum
  • Spawn Location: 5:00

VOD

Have the link to the VOD?

Description

Time

  • Played on: July 4, 2019, 11:57 a.m.
  • Length: 8:44
Show
View Real Time Build Order
Export as new Build Order

PlayBook Zerg - Winner!

Build Orders: Hatch First 

Get SALT Encoding   

  12  0:01  Drone  
  13  0:13  Overlord  
  13  0:17  Drone  
  14  0:33  Drone x2  
  16  0:36  Drone  
  17  0:54  Hatchery  
  17  0:57  Drone  
  17  1:00  Drone  
  18  1:11  Extractor  
  17  1:16  Spawning Pool  
  16  1:18  Drone  
  16  1:22  Drone  
  18  1:30  Drone  
  19  1:40  Overlord  
  19  1:51  Drone  
  20  2:02  Drone  
  20  2:07  Drone, Queen x2  
  26  2:13  Drone  
  27  2:19  Drone  
  28  2:24  Zergling x2  
  28  2:28  Zergling x2  
  30  2:34  Zergling x2  
  31  2:39  Zergling x2  
  32  2:46  Baneling Nest  
  32  2:47  Metabolic Boost  
  31  3:03  Overlord  
  31  3:04  Drone x3  
  33  3:27  Drone x6  
  33  3:28  Drone  
  33  3:34  Baneling x2  
  40  3:39  Hatchery  
  39  3:53  Overlord  
  39  3:54  Queen  
  39  3:55  Drone x2  
  43  3:57  Overlord x2  
  43  3:59  Extractor  
  42  4:29  Evolution Chamber  
  41  4:31  Drone x2  
  41  4:32  Drone x4, Evolution Chamber  
  41  4:34  Roach Warren  
  41  4:38  Drone x2  
  46  4:48  Zergling x4  
  48  5:03  Drone  
  48  5:04  Drone  
  49  5:08  Drone x3, Extractor  
  49  5:09  Drone x3, Extractor  
  49  5:10  Lair  
  49  5:11  Zerg Ground Armor Level 1, Zerg Missile Weapons Level 1  
  53  5:22  Baneling x2  
  53  5:38  Drone x3  
  53  5:42  Pneumatized Carapace  
  56  5:43  Drone x2  
  56  5:44  Drone  
  56  5:45  Drone x6  
  56  5:48  Queen  
  56  5:49  Overlord x2  
  65  6:06  Roach  
  65  6:07  Roach x3  
  65  6:08  Glial Reconstitution  
  72  6:17  Overlord x4  
  72  6:21  Overlord  
  72  6:26  Roach  
  72  6:27  Roach x7  
  88  6:43  Roach x8  
  102  6:50  Roach x7  
  108  7:00  Queen x2  
  108  7:03  Roach x3  
  112  7:10  Overlord x2  
  112  7:22  Drone x4  
  116  7:35  Overlord x2  
  116  7:36  Queen  
  118  7:40  Roach x5  
  128  7:49  Roach x5  
  126  8:07  Hydralisk Den  
  125  8:18  Drone x3, Spine Crawler  
  127  8:20  Extractor  
  127  8:21  Overlord x2, Spine Crawler  
  127  8:22  Roach x4, Spine Crawler, Extractor  
Show
View Real Time Build Order
Export as new Build Order

Parkkatz Zerg 

Build Orders: Hatch First 

Get SALT Encoding   

  12  0:01  Drone  
  13  0:15  Drone  
  13  0:16  Overlord  
  14  0:35  Drone x2  
  16  0:36  Drone  
  17  0:48  Drone  
  18  0:57  Hatchery  
  18  1:02  Drone, Extractor  
  17  1:16  Spawning Pool  
  16  1:18  Drone  
  16  1:22  Drone  
  18  1:31  Drone  
  19  1:41  Overlord  
  19  2:03  Queen  
  19  2:04  Zergling x4  
  23  2:09  Queen  
  23  2:10  Zergling x2  
  26  2:16  Metabolic Boost  
  26  2:19  Drone  
  27  2:24  Drone x2  
  29  2:37  Overlord  
  29  2:38  Queen  
  29  2:39  Drone  
  31  3:00  Drone  
  31  3:01  Drone x3  
  31  3:04  Drone  
  36  3:06  Overlord  
  36  3:19  Drone x2  
  37  3:23  Hatchery, Zergling x2  
  37  3:24  Zergling x4  
  38  3:28  Drone  
  39  3:35  Drone x3  
  42  3:44  Lair  
  42  3:48  Roach Warren  
  42  3:49  Evolution Chamber  
  42  3:54  Drone x3  
  43  3:56  Overlord  
  43  4:03  Overlord  
  42  4:19  Drone  
  42  4:20  Drone  
  42  4:21  Drone, Overlord, Extractor  
  42  4:22  Extractor  
  42  4:24  Drone x3  
  45  4:26  Zerg Missile Weapons Level 1  
  46  4:35  Queen  
  48  4:38  Roach  
  48  4:39  Roach  
  48  4:43  Overlord  
  51  4:47  Roach  
  53  4:58  Roach x2  
  57  5:03  Drone x3  
  59  5:26  Evolution Chamber  
  59  5:27  Roach  
  59  5:28  Roach x4, Hydralisk Den  
  67  5:42  Roach  
  71  5:43  Roach x4  
  71  5:48  Drone x5  
  82  5:55  Glial Reconstitution  
  76  6:21  Drone x5  
  76  6:22  Drone x2  
  76  6:24  Spore Crawler  
  82  6:29  Muscular Augments  
  82  6:31  Extractor  
  82  6:32  Drone x5  
  86  6:33  Drone x2  
  86  6:35  Extractor  
  85  6:56  Drone x3  
  85  6:58  Hydralisk x5  
  90  7:05  Drone x2  
  90  7:06  Overlord x4  
  84  7:28  Hydralisk x4, Extractor  
  91  7:45  Spine Crawler  
  91  7:50  Spine Crawler  
  82  8:01  Hydralisk  
  82  8:02  Hydralisk x5  
  68  8:15  Hydralisk x2  
  68  8:16  Hydralisk  
Tags
 
Add a new tag
Caveats
  • Supply blocks, unpowered buildings, or Contaminate may cause inaccurate times.
  • Supply counts are checked every 10 seconds.